Map: Benchmarker - Dusk Towers

Players

blackxored

  • Race: Zerg Zerg
  • League: Diamond

Yourself

  • Race: Zerg Zerg

VOD

Have the link to the VOD?

Description

Time

  • Played on: July 1, 2016, 3:17 p.m.
  • Length: 99:06
Show
View Real Time Build Order
Export as new Build Order

blackxored Zerg 

Build Orders: Hatch First 

Get SALT Encoding   

  12  0:10  Drone  
  13  0:18  Drone  
  14  0:27  Overlord  
  14  0:32  Extractor  
  14  0:33  Drone  
  15  0:46  Drone x2  
  17  1:02  Hatchery  
  16  1:04  Drone  
  16  1:07  Drone  
  18  1:19  Extractor  
  18  1:22  Spawning Pool  
  18  1:25  Drone  
  17  1:29  Drone  
  18  1:36  Drone  
  19  1:47  Overlord  
  19  1:58  Drone  
  20  2:12  Queen, Hatchery  
  20  2:14  Zergling x2  
  22  2:22  Zergling x2  
  23  2:27  Metabolic Boost  
  23  2:31  Drone  
  23  2:35  Drone  
  25  2:42  Overlord  
  25  2:52  Drone x3  
  28  3:02  Queen  
  30  3:07  Drone  
  30  3:08  Drone  
  30  3:10  Drone  
  34  3:12  Drone  
  34  3:17  Drone  
  34  3:19  Drone  
  36  3:23  Overlord  
  36  3:30  Queen  
  38  3:35  Pneumatized Carapace  
  38  3:37  Drone  
  38  3:39  Drone  
  40  3:41  Drone  
  40  3:43  Drone  
  40  3:45  Drone  
  43  3:56  Drone x4  
  43  4:00  Evolution Chamber  
  43  4:02  Drone  
  47  4:03  Baneling Nest  
  47  4:04  Drone  
  47  4:06  Drone  
  48  4:10  Drone x2  
  48  4:13  Overlord  
  48  4:15  Drone  
  48  4:16  Drone  
  52  4:19  Drone  
  52  4:20  Drone  
  52  4:21  Drone  
  55  4:28  Drone  
  55  4:29  Extractor  
  56  4:31  Drone x3  
  56  4:33  Overlord  
  56  4:34  Zerg Melee Weapons Level 1  
  56  4:37  Drone x2  
  56  4:38  Drone  
  61  4:44  Drone  
  62  4:51  Drone x2  
  64  4:56  Overlord  
  64  4:57  Overlord  
  64  4:59  Lair  
  64  5:04  Zergling x16  
  72  5:09  Hatchery  
  71  5:14  Extractor, Drone  
  71  5:15  Extractor, Drone  
  71  5:16  Drone x3  
  71  5:17  Drone x2  
  71  5:20  Drone  
  77  5:23  Extractor, Drone  
  77  5:25  Extractor  
  76  5:28  Drone x3  
  76  5:29  Drone x2  
  76  5:32  Drone  
  82  5:41  Drone  
  82  5:42  Drone x2  
  85  5:45  Overlord x3  
  85  6:02  Infestation Pit, Drone  
  85  6:04  Centrifical Hooks  
  85  6:08  Zergling x4  
  85  6:09  Zergling x12  
  85  6:10  Extractor, Zergling x2  
  93  6:14  Extractor  
  92  6:27  Evolution Chamber  
  92  6:29  Zerg Melee Weapons Level 2  
  91  6:33  Zergling x2  
  91  6:34  Zergling x22  
  91  6:36  Queen  
  91  6:38  Drone x4  
  109  6:42  Drone x2  
  109  6:45  Hive  
  111  6:49  Drone  
  111  6:52  Spire, Zerg Ground Armor Level 1  
  111  6:56  Drone x3  
  111  6:59  Overlord x2  
  114  7:05  Drone x3  
  117  7:09  Overlord x3  
  117  7:11  Queen  
  119  7:16  Drone  
  119  7:19  Drone x4  
  124  7:30  Overlord x3  
  124  7:35  Baneling  
  124  7:36  Baneling x15  
  124  7:37  Baneling  
  124  7:38  Baneling x8  
  124  7:57  Hatchery  
  123  7:59  Adrenal Glands  
  123  8:00  Extractor  
  123  8:04  Extractor  
  123  8:05  Greater Spire  
  121  8:10  Drone x5  
  126  8:13  Drone  
  126  8:18  Corruptor x7  
  141  8:21  Overlord x2  
  141  8:31  Corruptor x3  
  141  8:33  Corruptor x3  
  153  9:01  Corruptor x4  
  161  9:07  Terran Vehicle And Ship Armor Level 3, Terran Infantry Armor Level 3, Zerg Missile Weapons Level 3, Protoss Shields Level 3, Terran Infantry Weapons Level 3, Zerg Flyer Armor Level 3, Terran Vehicle and Ship Weapons Level 3, Zerg Ground Armor Level 3, Terran Ship Armor Level 3, Zerg Melee Weapons Level 3, Zerg Flyer Weapons Level 3, Terran Vehicle Armor Level 3, Protoss Ground Armor Level 3, Terran Ship Weapons Level 3, Protoss Air Weapons Level 3, Protoss Ground Weapons Level 3, Terran Vehicle Weapons Level 3, Protoss Air Armor Level 3  
  161  9:19  Brood Lord  
  161  9:20  Brood Lord x2  
  161  9:23  Brood Lord  
  169  9:28  Terran Vehicle And Ship Armor Level 2, Zerg Flyer Weapons Level 2, Protoss Ground Weapons Level 2, Zerg Melee Weapons Level 2, Terran Vehicle Armor Level 2, Zerg Flyer Armor Level 2, Zerg Ground Armor Level 2, Terran Infantry Weapons Level 2, Terran Vehicle Weapons Level 2, Protoss Shields Level 2, Terran Infantry Armor Level 2, Protoss Air Armor Level 2, Zerg Missile Weapons Level 2, Protoss Ground Armor Level 2, Terran Ship Armor Level 2, Terran Vehicle and Ship Weapons Level 2, Protoss Air Weapons Level 2, Terran Ship Weapons Level 2  
  169  9:31  Brood Lord  
  171  9:35  Brood Lord  
  173  9:40  Brood Lord  
  173  9:43  Blink, Stimpack  
  175  9:50  Terran Ship Armor Level 1, Terran Infantry Armor Level 1, Protoss Shields Level 1, Zerg Flyer Armor Level 1, Drone x3, Zerg Ground Armor Level 1, Zerg Flyer Weapons Level 1, Protoss Ground Armor Level 1, Protoss Ground Weapons Level 1, Terran Vehicle And Ship Armor Level 1, Protoss Air Armor Level 1, Zerg Melee Weapons Level 1, Terran Vehicle and Ship Weapons Level 1, Terran Vehicle Weapons Level 1, Warp Gate, Zerg Missile Weapons Level 1, Protoss Air Weapons Level 1, Terran Infantry Weapons Level 1, Terran Vehicle Armor Level 1, Terran Ship Weapons Level 1  
  175  9:52  Brood Lord x2  
  182  9:58  Brood Lord  
  184  10:04  Charge, Resonating Glaives, Extended Thermal Lance, Building Armor  
  184  10:05  Terran Vehicle And Ship Armor Level 3, Terran Infantry Armor Level 3, Zerg Missile Weapons Level 3, Protoss Shields Level 3, Terran Infantry Weapons Level 3, Zerg Flyer Armor Level 3, Terran Vehicle and Ship Weapons Level 3, Zerg Ground Armor Level 3, Terran Ship Armor Level 3, Zerg Melee Weapons Level 3, Zerg Flyer Weapons Level 3, Terran Vehicle Armor Level 3, Protoss Ground Armor Level 3, Terran Ship Weapons Level 3, Protoss Air Weapons Level 3, Protoss Ground Weapons Level 3, Terran Vehicle Weapons Level 3, Protoss Air Armor Level 3  
  184  10:11  Adrenal Glands, Ventral Sacs  
  184  10:17  Enduring Locusts  
  184  10:18  Personal Cloaking  
  190  10:24  Psionic Storm  
  190  10:25  Cloaking Field, Combat Shields, Tunneling Claws, Centrifical Hooks, Glial Reconstitution, Neural Parasite, Neosteel Frame, Unknown, Corvid Reactor, Metabolic Boost, Infernal Pre-Igniter, Chitinous Plating  
  190  10:26  Terran Vehicle And Ship Armor Level 2, Zerg Flyer Weapons Level 2, Protoss Ground Weapons Level 2, Zerg Melee Weapons Level 2, Terran Vehicle Armor Level 2, Zerg Flyer Armor Level 2, Zerg Ground Armor Level 2, Terran Infantry Weapons Level 2, Terran Vehicle Weapons Level 2, Protoss Shields Level 2, Terran Infantry Armor Level 2, Protoss Air Armor Level 2, Zerg Missile Weapons Level 2, Protoss Ground Armor Level 2, Terran Ship Armor Level 2, Terran Vehicle and Ship Weapons Level 2, Protoss Air Weapons Level 2, Terran Ship Weapons Level 2  
  190  10:33  Burrow, Muscular Augments x2  
  192  10:40  Anion Pulse-Crystals  
  192  10:41  Blink, Stimpack  
  183  10:47  Pathogen Glands, Graviton Catapult, Gravitic Drive, Observer Gravitic Boosters, Hi-Sec Auto Tracking  
  183  10:48  Terran Ship Armor Level 1, Terran Infantry Armor Level 1, Protoss Shields Level 1, Zerg Flyer Armor Level 1, Zerg Ground Armor Level 1, Zerg Flyer Weapons Level 1, Protoss Ground Armor Level 1, Protoss Ground Weapons Level 1, Terran Vehicle And Ship Armor Level 1, Protoss Air Armor Level 1, Zerg Melee Weapons Level 1, Terran Vehicle and Ship Weapons Level 1, Terran Vehicle Weapons Level 1, Warp Gate, Zerg Missile Weapons Level 1, Protoss Air Weapons Level 1, Terran Infantry Weapons Level 1, Terran Vehicle Armor Level 1, Terran Ship Weapons Level 1  
  91  11:01  Pneumatized Carapace, Concussive Shells  
  91  11:02  Charge, Resonating Glaives, Extended Thermal Lance, Building Armor  
  65  11:09  Adrenal Glands, Ventral Sacs  
  42  11:15  Enduring Locusts  
  42  11:16  Personal Cloaking  
  15  11:22  Psionic Storm  
  15  11:23  Cloaking Field, Combat Shields, Tunneling Claws, Centrifical Hooks, Glial Reconstitution, Neural Parasite, Neosteel Frame, Unknown, Corvid Reactor, Metabolic Boost, Infernal Pre-Igniter, Chitinous Plating  
    11:26  Overlord  
    11:31  Burrow, Hive, Muscular Augments x2  
    11:32  Drone x12  
    11:38  Anion Pulse-Crystals  
    11:44  Unknown x5  
    11:45  Pathogen Glands, Graviton Catapult, Gravitic Drive, Observer Gravitic Boosters, Hi-Sec Auto Tracking  
  12  11:47  Drone  
  13  11:54  Drone  
  13  11:59  Pneumatized Carapace, Concussive Shells  
  14  12:02  Extractor, Drone  
  15  12:12  Overlord  
  15  12:24  Overlord  
  15  12:30  Drone x12  
  18  12:42  Unknown x4  
  12  12:45  Drone  
  13  12:54  Drone  
  14  13:05  Overlord  
  14  13:08  Extractor, Drone  
  15  13:26  Drone x2  
  17  13:39  Drone, Hatchery  
  17  13:44  Drone  
  18  13:53  Extractor  
  17  13:57  Spawning Pool  
  17  14:00  Drone  
  17  14:03  Drone  
  18  14:10  Drone  
  19  14:23  Overlord  
  19  14:31  Drone  
  20  14:43  Hatchery  
  20  14:44  Queen  
  21  14:48  Zergling x2  
  21  14:52  Zergling x2  
  23  14:57  Metabolic Boost  
  23  15:02  Drone  
  23  15:04  Drone  
  25  15:10  Overlord  
  25  15:15  Drone  
  25  15:16  Drone  
  27  15:23  Drone  
  28  15:31  Queen  
  28  15:35  Drone x2  
  32  15:38  Drone  
  33  15:45  Drone  
  34  15:52  Drone  
  35  15:58  Drone x2  
  35  15:59  Queen  
  35  16:00  Overlord  
  35  16:03  Pneumatized Carapace  
  39  16:05  Drone  
  39  16:07  Drone  
  39  16:09  Drone  
  42  16:13  Overlord  
  42  16:17  Drone x2  
  44  16:22  Drone  
  44  16:23  Drone  
  46  16:29  Overlord  
  46  16:33  Drone, Evolution Chamber  
  46  16:34  Baneling Nest  
  46  16:35  Drone  
  46  16:40  Drone x3  
  46  16:42  Drone  
  46  16:44  Drone  
  51  16:57  Drone x4  
  51  16:58  Drone x4  
  59  17:03  Extractor, Drone x2  
  59  17:06  Drone  
  59  17:07  Overlord  
  61  17:12  Drone  
  62  17:15  Lair  
  62  17:20  Drone  
  63  17:23  Zerg Melee Weapons Level 1  
  63  17:28  Drone  
  63  17:29  Drone x4  
  68  17:31  Drone  
  68  17:33  Drone x2  
  68  17:35  Drone x3  
  68  17:36  Drone  
  75  17:39  Hatchery  
  75  17:42  Drone x3  
  75  17:44  Drone  
  78  17:47  Overlord  
  78  17:50  Extractor  
  77  17:53  Extractor  
  77  17:57  Extractor  
  75  17:58  Extractor  
  74  18:11  Overlord x2  
  74  18:13  Centrifical Hooks  
  74  18:15  Drone, Evolution Chamber  
  74  18:17  Drone  
  74  18:19  Infestation Pit  
  74  18:22  Zergling x18  
  74  18:23  Overlord x4  
  83  18:35  Overlord  
  83  18:36  Drone x2  
  85  18:42  Zergling x4  
  87  18:52  Queen  
  87  18:53  Drone x10  
  99  18:56  Hive  
  99  18:57  Zerg Ground Armor Level 1  
  99  19:03  Drone x2  
  101  19:12  Overlord x2, Extractor  
  101  19:13  Extractor  
  101  19:14  Zergling x10  
  104  19:18  Zerg Melee Weapons Level 2  
  104  19:22  Drone  
  104  19:23  Drone x2  
  107  19:24  Drone  
  107  19:26  Drone x3  
  107  19:27  Drone x3  
  114  19:37  Baneling x6  
  114  19:38  Baneling x7  
  114  19:44  Overlord x2  
  114  19:49  Spire  
  113  19:55  Zergling x30  
  113  19:56  Terran Vehicle And Ship Armor Level 3, Terran Infantry Armor Level 3, Zerg Missile Weapons Level 3, Protoss Shields Level 3, Terran Infantry Weapons Level 3, Zerg Flyer Armor Level 3, Terran Vehicle and Ship Weapons Level 3, Zerg Ground Armor Level 3, Terran Ship Armor Level 3, Zerg Melee Weapons Level 3, Zerg Flyer Weapons Level 3, Terran Vehicle Armor Level 3, Protoss Ground Armor Level 3, Terran Ship Weapons Level 3, Protoss Air Weapons Level 3, Protoss Ground Weapons Level 3, Terran Vehicle Weapons Level 3, Protoss Air Armor Level 3  
  113  19:59  Baneling x5, Hatchery  
  127  20:00  Baneling  
  127  20:09  Overseer  
  127  20:17  Terran Vehicle And Ship Armor Level 2, Zerg Flyer Weapons Level 2, Protoss Ground Weapons Level 2, Zerg Melee Weapons Level 2, Terran Vehicle Armor Level 2, Zerg Flyer Armor Level 2, Zerg Ground Armor Level 2, Terran Infantry Weapons Level 2, Terran Vehicle Weapons Level 2, Protoss Shields Level 2, Terran Infantry Armor Level 2, Protoss Air Armor Level 2, Zerg Missile Weapons Level 2, Protoss Ground Armor Level 2, Terran Ship Armor Level 2, Terran Vehicle and Ship Weapons Level 2, Protoss Air Weapons Level 2, Terran Ship Weapons Level 2  
  127  20:28  Extractor  
  126  20:30  Adrenal Glands  
  126  20:32  Extractor, Blink, Stimpack  
  125  20:39  Terran Ship Armor Level 1, Terran Infantry Armor Level 1, Protoss Shields Level 1, Zerg Flyer Armor Level 1, Zerg Ground Armor Level 1, Zerg Flyer Weapons Level 1, Protoss Ground Armor Level 1, Protoss Ground Weapons Level 1, Terran Vehicle And Ship Armor Level 1, Protoss Air Armor Level 1, Zerg Melee Weapons Level 1, Terran Vehicle and Ship Weapons Level 1, Terran Vehicle Weapons Level 1, Warp Gate, Zerg Missile Weapons Level 1, Protoss Air Weapons Level 1, Terran Infantry Weapons Level 1, Terran Vehicle Armor Level 1, Terran Ship Weapons Level 1  
  125  20:44  Drone x5  
  125  20:47  Drone  
  131  20:51  Overlord x3  
  131  20:53  Charge, Resonating Glaives, Extended Thermal Lance, Building Armor  
  131  21:00  Adrenal Glands, Greater Spire, Ventral Sacs  
  131  21:06  Enduring Locusts  
  131  21:07  Personal Cloaking  
  131  21:09  Zergling x2  
  131  21:10  Zergling x40  
  152  21:13  Psionic Storm  
  152  21:14  Cloaking Field, Combat Shields, Tunneling Claws, Centrifical Hooks, Glial Reconstitution, Neural Parasite, Neosteel Frame, Unknown, Corvid Reactor, Metabolic Boost, Infernal Pre-Igniter, Chitinous Plating  
  152  21:22  Burrow, Hive, Muscular Augments x2  
  152  21:25  Corruptor x2  
  152  21:26  Corruptor x7  
  152  21:29  Anion Pulse-Crystals  
  170  21:33  Queen  
  170  21:36  Pathogen Glands, Graviton Catapult, Gravitic Drive, Observer Gravitic Boosters, Hi-Sec Auto Tracking  
  172  21:50  Pneumatized Carapace, Concussive Shells  
  172  22:15  Overlord  
  190  22:17  Hatchery  
  190  22:21  Drone x12  
  153  22:33  Unknown x4  
  153  22:36  Drone  
  13  22:45  Drone  
  14  22:55  Overlord  
  14  22:59  Extractor  
  14  23:00  Drone  
  15  23:13  Drone  
  15  23:14  Drone  
  17  23:26  Hatchery  
  16  23:30  Drone  
  17  23:36  Drone  
  18  23:45  Extractor  
  17  23:51  Spawning Pool  
  17  23:52  Drone  
  17  23:53  Drone  
  18  24:02  Drone  
  19  24:12  Overlord  
  19  24:25  Drone  
  20  24:31  Hatchery  
  20  24:37  Zergling x2  
  20  24:39  Queen  
  20  24:42  Zergling x2  
  23  24:48  Metabolic Boost  
  23  24:52  Drone  
  24  24:55  Drone  
  25  25:01  Overlord  
  25  25:05  Drone  
  26  25:07  Drone  
  26  25:10  Drone  
  28  25:19  Queen  
  30  25:25  Drone  
  30  25:26  Drone  
  32  25:31  Pneumatized Carapace  
  32  25:33  Drone  
  33  25:36  Drone  
  33  25:38  Drone  
  33  25:42  Drone  
  36  25:45  Overlord  
  36  25:52  Queen  
  38  25:58  Drone x2  
  38  25:59  Drone  
  38  26:01  Drone  
  38  26:03  Drone  
  43  26:08  Drone x2  
  45  26:16  Evolution Chamber  
  45  26:17  Baneling Nest  
  43  26:20  Drone x2  
  43  26:21  Drone  
  43  26:22  Drone  
  43  26:24  Drone  
  48  26:37  Drone  
  48  26:38  Extractor  
  48  26:39  Drone x2  
  51  26:40  Drone  
  51  26:41  Zerg Melee Weapons Level 1  
  51  26:44  Drone x5  
  51  26:45  Drone  
  57  26:48  Overlord  
  57  26:51  Overlord  
  57  27:08  Drone x4  
  61  27:09  Drone  
  61  27:12  Drone x2  
  61  27:13  Drone x5  
  69  27:24  Drone  
  69  27:25  Drone x2  
  69  27:26  Drone x2  
  74  27:35  Extractor  
  74  27:36  Extractor  
  72  27:40  Extractor  
  72  27:41  Overlord x2  
  72  27:42  Extractor, Drone x2  
  72  27:45  Drone  
  72  27:47  Lair  
  72  27:50  Drone  
  74  28:06  Drone  
  74  28:09  Hatchery  
  74  28:12  Overlord x3  
  74  28:13  Overlord x2  
  74  28:14  Zergling x20  
  74  28:16  Queen  
  86  28:20  Queen  
  86  28:25  Overlord x2  
  86  28:26  Overlord  
  88  28:39  Drone  
  88  28:40  Evolution Chamber  
  88  28:44  Drone  
  88  28:47  Infestation Pit, Centrifical Hooks  
  88  28:48  Zerg Melee Weapons Level 2  
  88  28:55  Drone  
  89  29:05  Drone x10  
  99  29:15  Drone x3  
  99  29:16  Drone x2  
  104  29:21  Drone  
  105  29:25  Hive  
  105  29:27  Drone  
  105  29:29  Spire  
  105  29:31  Queen  
  105  29:33  Extractor  
  105  29:34  Drone x4  
  105  29:35  Extractor, Drone  
  105  29:38  Drone  
  111  29:39  Drone x4  
  111  29:40  Drone x2  
  117  29:46  Hatchery  
  116  29:58  Zerg Ground Armor Level 1  
  116  30:07  Terran Vehicle And Ship Armor Level 3, Terran Infantry Armor Level 3, Zerg Missile Weapons Level 3, Protoss Shields Level 3, Terran Infantry Weapons Level 3, Zerg Flyer Armor Level 3, Terran Vehicle and Ship Weapons Level 3, Zerg Ground Armor Level 3, Terran Ship Armor Level 3, Zerg Melee Weapons Level 3, Zerg Flyer Weapons Level 3, Terran Vehicle Armor Level 3, Protoss Ground Armor Level 3, Terran Ship Weapons Level 3, Protoss Air Weapons Level 3, Protoss Ground Weapons Level 3, Terran Vehicle Weapons Level 3, Protoss Air Armor Level 3  
  116  30:19  Extractor  
  115  30:23  Extractor  
  115  30:28  Terran Vehicle And Ship Armor Level 2, Zerg Flyer Weapons Level 2, Protoss Ground Weapons Level 2, Zerg Melee Weapons Level 2, Terran Ship Weapons Level 2, Drone x3, Zerg Flyer Armor Level 2, Zerg Ground Armor Level 2, Terran Infantry Weapons Level 2, Terran Vehicle Weapons Level 2, Protoss Shields Level 2, Terran Infantry Armor Level 2, Protoss Air Armor Level 2, Zerg Missile Weapons Level 2, Protoss Ground Armor Level 2, Terran Ship Armor Level 2, Terran Vehicle and Ship Weapons Level 2, Protoss Air Weapons Level 2, Terran Vehicle Armor Level 2  
  116  30:32  Overlord  
  116  30:33  Overlord x4  
  117  30:37  Adrenal Glands  
  117  30:40  Corruptor  
  117  30:41  Corruptor x4  
  117  30:42  Corruptor x6  
  131  30:43  Corruptor x2, Blink, Stimpack  
  131  30:44  Corruptor x3  
  131  30:48  Greater Spire  
  149  30:50  Terran Ship Armor Level 1, Terran Infantry Armor Level 1, Protoss Shields Level 1, Zerg Flyer Armor Level 1, Zerg Ground Armor Level 1, Zerg Flyer Weapons Level 1, Protoss Ground Armor Level 1, Protoss Ground Weapons Level 1, Terran Vehicle And Ship Armor Level 1, Protoss Air Armor Level 1, Zerg Melee Weapons Level 1, Terran Vehicle and Ship Weapons Level 1, Terran Vehicle Weapons Level 1, Warp Gate, Zerg Missile Weapons Level 1, Protoss Air Weapons Level 1, Terran Infantry Weapons Level 1, Terran Vehicle Armor Level 1, Terran Ship Weapons Level 1  
  149  31:04  Charge, Resonating Glaives, Extended Thermal Lance, Building Armor  
  149  31:11  Adrenal Glands, Ventral Sacs  
  149  31:16  Drone  
  149  31:17  Enduring Locusts  
  150  31:18  Personal Cloaking  
  150  31:19  Ultralisk Cavern  
  150  31:24  Psionic Storm  
  149  31:25  Cloaking Field, Combat Shields, Tunneling Claws, Centrifical Hooks, Glial Reconstitution, Neural Parasite, Neosteel Frame, Unknown, Corvid Reactor, Metabolic Boost, Infernal Pre-Igniter, Chitinous Plating  
  149  31:28  Overseer  
  150  31:32  Drone  
  150  31:33  Burrow, Drone x4, Muscular Augments x2  
  150  31:34  Hive  
  154  31:40  Anion Pulse-Crystals  
  154  31:47  Pathogen Glands, Graviton Catapult, Gravitic Drive, Observer Gravitic Boosters, Hi-Sec Auto Tracking  
  154  31:50  Overlord  
  154  32:01  Pneumatized Carapace, Concussive Shells  
  154  32:03  Brood Lord x10  
  174  32:10  Hatchery  
  173  32:27  Overlord  
  173  32:33  Drone x12  
  144  32:44  Unknown x4  
  144  32:48  Drone  
  13  32:53  Drone  
  14  33:03  Overlord  
  14  33:07  Extractor  
  14  33:08  Drone  
  15  33:22  Drone x2  
  17  33:38  Hatchery  
  17  33:41  Drone  
  17  33:44  Drone  
  18  33:55  Extractor  
  17  33:59  Spawning Pool  
  17  34:01  Drone  
  17  34:04  Drone  
  18  34:13  Drone  
  19  34:24  Overlord  
  19  34:34  Drone  
  20  34:39  Hatchery  
  19  34:46  Zergling x2  
  19  34:50  Queen  
  22  34:54  Zergling x2  
  22  34:59  Metabolic Boost  
  23  35:03  Drone  
  24  35:08  Drone  
  24  35:13  Overlord  
  25  35:17  Drone  
  25  35:20  Drone  
  27  35:23  Drone  
  28  35:33  Queen  
  30  35:36  Drone  
  30  35:37  Drone  
  30  35:39  Drone  
  33  35:43  Drone  
  33  35:49  Drone  
  35  35:52  Pneumatized Carapace, Drone  
  36  35:59  Queen  
  36  36:03  Drone  
  36  36:04  Drone  
  40  36:06  Drone  
  40  36:08  Drone  
  40  36:10  Drone  
  43  36:14  Overlord  
  43  36:18  Overlord  
  43  36:30  Drone x2, Evolution Chamber  
  43  36:31  Baneling Nest  
  43  36:34  Drone  
  43  36:35  Drone x2  
  43  36:39  Drone x2  
  49  36:40  Drone  
  49  36:46  Drone x3  
  52  36:47  Drone  
  52  36:48  Drone  
  52  36:52  Overlord  
  54  36:55  Overlord  
  54  36:59  Extractor, Drone  
  54  37:01  Drone x2  
  56  37:02  Drone  
  56  37:05  Zerg Melee Weapons Level 1  
  57  37:09  Drone x3  
  57  37:10  Drone  
  57  37:12  Drone  
  57  37:13  Drone  
  63  37:17  Drone x2  
  65  37:23  Drone x4  
  65  37:24  Drone x2  
  65  37:29  Drone  
  72  37:30  Drone  
  73  37:37  Extractor  
  73  37:38  Extractor  
  73  37:42  Extractor x2, Lair  
  69  37:47  Drone  
  70  37:56  Drone x2  
  70  37:57  Drone x2  
  70  37:58  Drone  
  75  38:00  Overlord x2  
  75  38:06  Hatchery  
  75  38:07  Drone x2  
  76  38:16  Overlord x2  
  76  38:17  Overlord  
  76  38:26  Drone  
  77  38:30  Drone  
  77  38:31  Evolution Chamber  
  77  38:36  Zergling x2  
  77  38:37  Zergling x22  
  77  38:41  Overseer  
  89  38:44  Drone  
  89  38:45  Centrifical Hooks  
  89  38:46  Infestation Pit  
  89  38:49  Drone  
  89  38:50  Drone x4  
  89  38:52  Overlord, Hatchery  
  89  38:55  Zergling x12  
  95  38:59  Baneling x6  
  95  39:00  Baneling x8  
  95  39:01  Zerg Melee Weapons Level 2  
  99  39:02  Zerg Ground Armor Level 1  
  99  39:09  Zergling x8  
  103  39:13  Extractor  
  103  39:14  Extractor  
  103  39:16  Drone  
  102  39:18  Drone  
  102  39:20  Drone x2  
  102  39:23  Drone x3  
  102  39:24  Queen, Drone x3  
  111  39:28  Queen  
  111  39:30  Overlord  
  117  39:34  Hive  
  117  39:38  Spire  
  114  39:41  Queen  
  114  39:45  Overseer  
  116  39:47  Drone x8  
  124  40:12  Overlord x4  
  124  40:19  Extractor  
  123  40:21  Drone x3  
  123  40:23  Extractor, Drone x3  
  128  40:32  Zergling x30  
  143  40:47  Adrenal Glands  
  143  40:50  Greater Spire  
  143  40:51  Corruptor x10  
  143  40:54  Corruptor  
  165  40:58  Zerg Ground Armor Level 2  
  165  41:17  Drone x3  
  168  41:18  Drone  
  169  42:04  Brood Lord x6  
  169  42:06  Overlord x3  
  169  42:07  Overlord x2  
  169  42:08  Overlord  
  181  42:38  Hatchery  
  180  42:48  Brood Lord x5  
  190  43:12  Extractor  
  189  43:14  Extractor  
  189  43:17  Ultralisk Cavern  
  8  65:39  Terran Vehicle And Ship Armor Level 3, Terran Infantry Armor Level 3, Zerg Missile Weapons Level 3, Protoss Shields Level 3, Terran Infantry Weapons Level 3, Zerg Flyer Armor Level 3, Terran Vehicle and Ship Weapons Level 3, Zerg Ground Armor Level 3, Terran Ship Armor Level 3, Zerg Melee Weapons Level 3, Zerg Flyer Weapons Level 3, Terran Vehicle Armor Level 3, Protoss Ground Armor Level 3, Terran Ship Weapons Level 3, Protoss Air Weapons Level 3, Protoss Ground Weapons Level 3, Terran Vehicle Weapons Level 3, Protoss Air Armor Level 3  
  8  66:00  Terran Vehicle And Ship Armor Level 2, Zerg Flyer Weapons Level 2, Protoss Ground Weapons Level 2, Zerg Melee Weapons Level 2, Terran Vehicle Armor Level 2, Zerg Flyer Armor Level 2, Zerg Ground Armor Level 2, Terran Infantry Weapons Level 2, Terran Vehicle Weapons Level 2, Protoss Shields Level 2, Terran Infantry Armor Level 2, Protoss Air Armor Level 2, Zerg Missile Weapons Level 2, Protoss Ground Armor Level 2, Terran Ship Armor Level 2, Terran Vehicle and Ship Weapons Level 2, Protoss Air Weapons Level 2, Terran Ship Weapons Level 2  
  8  66:15  Blink, Stimpack  
  8  66:22  Terran Ship Armor Level 1, Terran Infantry Armor Level 1, Protoss Shields Level 1, Zerg Flyer Armor Level 1, Zerg Ground Armor Level 1, Zerg Flyer Weapons Level 1, Protoss Ground Armor Level 1, Protoss Ground Weapons Level 1, Terran Vehicle And Ship Armor Level 1, Protoss Air Armor Level 1, Zerg Melee Weapons Level 1, Terran Vehicle and Ship Weapons Level 1, Terran Vehicle Weapons Level 1, Warp Gate, Zerg Missile Weapons Level 1, Protoss Air Weapons Level 1, Terran Infantry Weapons Level 1, Terran Vehicle Armor Level 1, Terran Ship Weapons Level 1  
  8  66:36  Charge, Resonating Glaives, Extended Thermal Lance, Building Armor  
  8  66:43  Adrenal Glands, Ventral Sacs  
  8  66:49  Enduring Locusts  
  8  66:50  Personal Cloaking  
  8  66:56  Psionic Storm  
  8  66:57  Cloaking Field, Combat Shields, Tunneling Claws, Centrifical Hooks, Glial Reconstitution, Neural Parasite, Neosteel Frame, Unknown, Corvid Reactor, Metabolic Boost, Infernal Pre-Igniter, Chitinous Plating  
  8  67:05  Burrow, Muscular Augments x2  
  8  67:06  Hive  
  8  67:12  Anion Pulse-Crystals  
  8  67:19  Pathogen Glands, Graviton Catapult, Gravitic Drive, Observer Gravitic Boosters, Hi-Sec Auto Tracking  
  8  67:33  Pneumatized Carapace, Concussive Shells  
  8  67:59  Overlord  
  8  68:05  Drone x12  
  8  68:16  Unknown x4  
  13  68:20  Drone  
  13  68:26  Drone  
  14  68:37  Overlord  
  14  68:40  Extractor  
  14  68:41  Drone  
  15  68:56  Drone x2  
  17  69:16  Hatchery  
  16  69:20  Drone  
  16  69:21  Drone  
  18  69:34  Extractor  
  18  69:36  Spawning Pool  
  18  69:38  Drone x2  
  18  69:45  Drone  
  19  69:56  Overlord  
  19  70:06  Drone  
  20  70:10  Hatchery  
  19  70:19  Drone  
  20  70:23  Queen  
  22  70:28  Zergling x2  
  22  70:31  Zergling x2  
  22  70:35  Metabolic Boost  
  24  70:39  Drone  
  25  70:44  Overlord  
  25  70:49  Drone  
  26  70:51  Drone  
  27  71:00  Drone  
  27  71:03  Queen  
  30  71:06  Drone  
  30  71:11  Drone  
  32  71:12  Drone  
  33  71:21  Drone  
  33  71:23  Queen  
  33  71:25  Drone  
  37  71:26  Drone  
  37  71:31  Pneumatized Carapace  
  38  71:36  Drone  
  38  71:37  Drone  
  38  71:38  Drone  
  41  71:40  Drone  
  41  71:42  Drone  
  43  71:47  Overlord  
  43  71:51  Drone x2  
  45  71:57  Drone x2  
  45  72:00  Drone  
  48  72:05  Evolution Chamber  
  48  72:06  Drone x2  
  48  72:07  Baneling Nest  
  48  72:14  Drone x3  
  48  72:15  Drone x2  
  53  72:18  Drone x2  
  53  72:20  Drone  
  53  72:21  Drone  
  57  72:26  Extractor, Drone  
  57  72:27  Overlord  
  57  72:36  Zerg Melee Weapons Level 1  
  57  72:43  Overlord x2  
  57  72:52  Drone x2  
  57  72:54  Drone  
  60  73:00  Drone  
  60  73:01  Lair  
  60  73:04  Drone x4  
  60  73:05  Drone x2  
  67  73:06  Drone  
  67  73:07  Drone  
  69  73:16  Hatchery  
  69  73:17  Drone x5  
  69  73:18  Drone x2  
  69  73:19  Drone  
  76  73:22  Drone x3  
  79  73:29  Extractor  
  79  73:30  Extractor  
  79  73:31  Extractor  
  79  73:33  Extractor  
  75  73:50  Overlord x2  
  75  73:51  Overlord  
  75  73:53  Overlord  
  75  74:01  Infestation Pit, Drone x2, Evolution Chamber  
  75  74:02  Centrifical Hooks  
  75  74:07  Overlord  
  75  74:08  Overlord  
  75  74:09  Zergling x2  
  77  74:10  Zergling x12  
  77  74:11  Zergling x2  
  77  74:12  Queen  
  87  74:25  Drone x11  
  87  74:28  Queen  
  87  74:30  Zerg Ground Armor Level 1  
  87  74:31  Zerg Melee Weapons Level 2  
  100  74:41  Hive  
  98  74:46  Queen  
  98  74:47  Spire, Zergling x2  
  98  74:48  Zergling x10  
  98  74:49  Zergling x4  
  107  74:59  Overlord x4  
  107  75:13  Zergling x2  
  107  75:14  Zergling x18  
  117  75:16  Baneling x20  
  117  75:26  Drone x6  
  123  75:28  Extractor  
  123  75:30  Extractor  
  123  75:31  Drone  
  122  75:41  Overlord x3  
  122  75:43  Overseer  
  122  75:56  Hatchery  
  121  76:01  Terran Vehicle And Ship Armor Level 3, Terran Infantry Armor Level 3, Zerg Missile Weapons Level 3, Protoss Shields Level 3, Terran Infantry Weapons Level 3, Zerg Flyer Armor Level 3, Terran Vehicle and Ship Weapons Level 3, Zerg Ground Armor Level 3, Terran Ship Armor Level 3, Zerg Melee Weapons Level 3, Zerg Flyer Weapons Level 3, Terran Vehicle Armor Level 3, Protoss Ground Armor Level 3, Terran Ship Weapons Level 3, Protoss Air Weapons Level 3, Protoss Ground Weapons Level 3, Terran Vehicle Weapons Level 3, Protoss Air Armor Level 3  
  121  76:02  Corruptor x3, Greater Spire  
  121  76:03  Corruptor x4  
  135  76:10  Drone x6  
  141  76:16  Drone x2  
  141  76:17  Drone x4  
  147  76:22  Terran Vehicle And Ship Armor Level 2, Zerg Flyer Weapons Level 2, Protoss Ground Weapons Level 2, Zerg Melee Weapons Level 2, Terran Vehicle Armor Level 2, Zerg Flyer Armor Level 2, Zerg Ground Armor Level 2, Terran Infantry Weapons Level 2, Terran Vehicle Weapons Level 2, Protoss Shields Level 2, Terran Infantry Armor Level 2, Protoss Air Armor Level 2, Zerg Missile Weapons Level 2, Protoss Ground Armor Level 2, Terran Ship Armor Level 2, Terran Vehicle and Ship Weapons Level 2, Protoss Air Weapons Level 2, Terran Ship Weapons Level 2  
  147  76:28  Adrenal Glands  
  147  76:37  Blink, Stimpack  
  147  76:39  Overlord  
  147  76:40  Extractor  
  147  76:44  Terran Ship Armor Level 1, Terran Infantry Armor Level 1, Protoss Shields Level 1, Zerg Flyer Armor Level 1, Zerg Ground Armor Level 1, Zerg Flyer Weapons Level 1, Protoss Ground Armor Level 1, Protoss Ground Weapons Level 1, Terran Vehicle And Ship Armor Level 1, Protoss Air Armor Level 1, Zerg Melee Weapons Level 1, Terran Vehicle and Ship Weapons Level 1, Terran Vehicle Weapons Level 1, Warp Gate, Zerg Missile Weapons Level 1, Protoss Air Weapons Level 1, Terran Infantry Weapons Level 1, Terran Vehicle Armor Level 1, Terran Ship Weapons Level 1  
  146  76:50  Extractor  
  146  76:53  Overlord  
  145  76:58  Charge, Resonating Glaives, Extended Thermal Lance, Building Armor  
  145  77:05  Adrenal Glands, Ventral Sacs  
  145  77:10  Terran Vehicle And Ship Armor Level 3, Terran Infantry Armor Level 3, Zerg Missile Weapons Level 3, Protoss Shields Level 3, Terran Infantry Weapons Level 3, Zerg Flyer Armor Level 3, Terran Vehicle and Ship Weapons Level 3, Zerg Ground Armor Level 3, Terran Ship Armor Level 3, Zerg Melee Weapons Level 3, Zerg Flyer Weapons Level 3, Terran Vehicle Armor Level 3, Protoss Ground Armor Level 3, Terran Ship Weapons Level 3, Protoss Air Weapons Level 3, Protoss Ground Weapons Level 3, Terran Vehicle Weapons Level 3, Protoss Air Armor Level 3  
  145  77:11  Enduring Locusts  
  145  77:12  Personal Cloaking  
  145  77:16  Brood Lord x5  
  145  77:18  Psionic Storm  
  145  77:19  Cloaking Field, Combat Shields, Tunneling Claws, Centrifical Hooks, Glial Reconstitution, Neural Parasite, Neosteel Frame, Unknown, Corvid Reactor, Metabolic Boost, Infernal Pre-Igniter, Chitinous Plating  
  155  77:26  Drone x2  
  155  77:27  Burrow, Drone, Muscular Augments x2  
  158  77:31  Terran Vehicle And Ship Armor Level 2, Zerg Flyer Weapons Level 2, Protoss Ground Weapons Level 2, Zerg Melee Weapons Level 2, Terran Vehicle Armor Level 2, Zerg Flyer Armor Level 2, Zerg Ground Armor Level 2, Terran Infantry Weapons Level 2, Terran Vehicle Weapons Level 2, Protoss Shields Level 2, Terran Infantry Armor Level 2, Protoss Air Armor Level 2, Zerg Missile Weapons Level 2, Protoss Ground Armor Level 2, Terran Ship Armor Level 2, Terran Vehicle and Ship Weapons Level 2, Protoss Air Weapons Level 2, Terran Ship Weapons Level 2  
  158  77:34  Anion Pulse-Crystals  
  158  77:41  Pathogen Glands, Graviton Catapult, Gravitic Drive, Observer Gravitic Boosters, Hi-Sec Auto Tracking  
  158  77:46  Blink, Stimpack  
  158  77:48  Corruptor x9  
  176  77:53  Terran Ship Armor Level 1, Terran Infantry Armor Level 1, Protoss Shields Level 1, Zerg Flyer Armor Level 1, Zerg Ground Armor Level 1, Zerg Flyer Weapons Level 1, Protoss Ground Armor Level 1, Protoss Ground Weapons Level 1, Terran Vehicle And Ship Armor Level 1, Protoss Air Armor Level 1, Zerg Melee Weapons Level 1, Terran Vehicle and Ship Weapons Level 1, Terran Vehicle Weapons Level 1, Warp Gate, Zerg Missile Weapons Level 1, Protoss Air Weapons Level 1, Terran Infantry Weapons Level 1, Terran Vehicle Armor Level 1, Terran Ship Weapons Level 1  
  176  77:55  Pneumatized Carapace, Concussive Shells  
  176  78:07  Charge, Resonating Glaives, Extended Thermal Lance, Building Armor  
  176  78:14  Adrenal Glands, Ventral Sacs  
  190  78:20  Overlord, Enduring Locusts  
  190  78:21  Personal Cloaking  
  190  78:26  Drone x12  
  190  78:27  Psionic Storm  
  190  78:28  Cloaking Field, Combat Shields, Tunneling Claws, Centrifical Hooks, Glial Reconstitution, Neural Parasite, Neosteel Frame, Unknown, Corvid Reactor, Metabolic Boost, Infernal Pre-Igniter, Chitinous Plating  
  176  78:36  Burrow, Muscular Augments x2  
  176  78:37  Hive  
  176  78:38  Unknown x5  
  12  78:41  Drone  
  12  78:43  Anion Pulse-Crystals  
  13  78:50  Pathogen Glands, Graviton Catapult, Gravitic Drive, Observer Gravitic Boosters, Hi-Sec Auto Tracking  
  13  78:53  Drone  
  14  79:03  Overlord  
  14  79:04  Pneumatized Carapace, Concussive Shells  
  14  79:07  Extractor, Drone  
  15  79:26  Drone x3  
  15  79:30  Overlord  
  18  79:36  Drone x12  
  18  79:44  Hatchery  
  17  79:46  Extractor  
  17  79:47  Unknown x4  
  17  79:50  Drone  
  13  79:58  Drone  
  14  80:09  Overlord  
  14  80:13  Extractor, Drone  
  15  80:30  Drone x2  
  17  80:43  Hatchery  
  17  80:47  Drone  
  17  80:48  Drone  
  18  81:01  Extractor  
  18  81:03  Spawning Pool  
  16  81:06  Drone  
  16  81:08  Drone  
  18  81:16  Drone  
  19  81:27  Overlord  
  19  81:37  Drone  
  20  81:43  Hatchery  
  19  81:49  Drone  
  20  81:55  Zergling x2  
  20  81:58  Queen  
  23  82:02  Zergling x2  
  23  82:07  Metabolic Boost  
  24  82:12  Drone  
  25  82:17  Overlord  
  25  82:28  Drone x3  
  28  82:38  Queen  
  28  82:41  Drone x2  
  32  82:45  Drone  
  32  82:48  Drone  
  34  82:52  Drone  
  34  82:55  Drone  
  36  82:59  Queen  
  36  83:05  Pneumatized Carapace  
  38  83:09  Drone x2  
  38  83:11  Drone  
  41  83:13  Drone  
  41  83:15  Drone  
  43  83:20  Overlord  
  43  83:23  Drone x2  
  43  83:25  Drone  
  46  83:27  Drone  
  46  83:31  Extractor  
  46  83:33  Evolution Chamber  
  45  83:37  Baneling Nest  
  45  83:44  Drone  
  45  83:45  Drone x5  
  45  83:47  Drone  
  53  83:48  Drone  
  53  83:51  Overlord  
  53  83:56  Extractor  
  53  83:58  Drone x2  
  53  84:00  Zerg Melee Weapons Level 1  
  54  84:05  Drone x3  
  57  84:10  Overlord  
  57  84:17  Drone x7  
  57  84:21  Drone x2  
  66  84:28  Extractor  
  66  84:29  Drone x2  
  66  84:30  Extractor  
  66  84:36  Drone x4  
  66  84:37  Drone  
  71  84:39  Drone x2  
  71  84:44  Drone  
  74  84:46  Overlord x2  
  74  84:51  Extractor  
  73  84:53  Extractor  
  73  84:56  Drone  
  73  84:57  Drone  
  74  85:08  Lair  
  74  85:09  Drone  
  74  85:11  Overlord x2  
  74  85:12  Zergling x14  
  82  85:24  Overlord x3  
  82  85:27  Hatchery  
  81  85:29  Zergling x2  
  81  85:30  Zergling x10  
  81  85:34  Zergling x8  
  91  85:41  Zergling x6  
  94  85:48  Zergling x6  
  97  85:50  Overlord  
  97  85:59  Drone  
  97  86:00  Evolution Chamber  
  97  86:06  Zerg Melee Weapons Level 2  
  97  86:09  Drone  
  98  86:11  Infestation Pit  
  98  86:13  Drone x8  
  98  86:15  Baneling  
  98  86:16  Baneling x23  
  105  86:28  Drone x8  
  105  86:31  Zerg Ground Armor Level 1  
  113  86:34  Overseer x2  
  113  86:39  Centrifical Hooks  
  113  86:43  Extractor, Drone x2  
  113  86:45  Extractor, Drone x5  
  113  86:46  Drone  
  119  86:50  Overlord  
  119  86:51  Overlord x2, Zergling x2  
  120  86:54  Hive  
  120  87:01  Drone  
  121  87:02  Spire  
  121  87:04  Queen  
  121  87:07  Zergling x6  
  121  87:08  Terran Vehicle And Ship Armor Level 3, Terran Vehicle Weapons Level 3, Zerg Missile Weapons Level 3, Protoss Shields Level 3, Terran Infantry Weapons Level 3, Zerg Flyer Armor Level 3, Terran Vehicle and Ship Weapons Level 3, Zerg Ground Armor Level 3, Terran Ship Armor Level 3, Zerg Melee Weapons Level 3, Zerg Flyer Weapons Level 3, Terran Vehicle Armor Level 3, Protoss Ground Armor Level 3, Terran Ship Weapons Level 3, Protoss Air Weapons Level 3, Protoss Ground Weapons Level 3, Zergling x10, Terran Infantry Armor Level 3, Protoss Air Armor Level 3  
  130  87:12  Queen  
  130  87:15  Queen  
  132  87:17  Hatchery  
  133  87:29  Terran Vehicle And Ship Armor Level 2, Zerg Flyer Weapons Level 2, Protoss Ground Weapons Level 2, Zerg Melee Weapons Level 2, Terran Vehicle Armor Level 2, Zerg Flyer Armor Level 2, Zerg Ground Armor Level 2, Terran Infantry Weapons Level 2, Terran Vehicle Weapons Level 2, Protoss Shields Level 2, Terran Infantry Armor Level 2, Protoss Air Armor Level 2, Zerg Missile Weapons Level 2, Protoss Ground Armor Level 2, Terran Ship Armor Level 2, Terran Vehicle and Ship Weapons Level 2, Protoss Air Weapons Level 2, Terran Ship Weapons Level 2  
  133  87:31  Overlord x2  
  133  87:32  Zergling x20  
  143  87:39  Overlord  
  143  87:40  Overlord x2  
  143  87:44  Blink, Stimpack  
  143  87:51  Terran Ship Armor Level 1, Terran Infantry Armor Level 1, Protoss Shields Level 1, Zerg Flyer Armor Level 1, Zerg Ground Armor Level 1, Zerg Flyer Weapons Level 1, Protoss Ground Armor Level 1, Protoss Ground Weapons Level 1, Terran Vehicle And Ship Armor Level 1, Protoss Air Armor Level 1, Zerg Melee Weapons Level 1, Terran Vehicle and Ship Weapons Level 1, Terran Vehicle Weapons Level 1, Warp Gate, Zerg Missile Weapons Level 1, Protoss Air Weapons Level 1, Terran Infantry Weapons Level 1, Terran Vehicle Armor Level 1, Terran Ship Weapons Level 1  
  143  88:05  Charge, Resonating Glaives, Extended Thermal Lance, Building Armor  
  143  88:07  Adrenal Glands  
  143  88:12  Adrenal Glands, Ventral Sacs  
  143  88:18  Corruptor x2, Greater Spire, Enduring Locusts  
  143  88:19  Personal Cloaking, Corruptor x7  
  153  88:20  Corruptor x6  
  153  88:25  Psionic Storm  
  153  88:26  Cloaking Field, Combat Shields, Tunneling Claws, Centrifical Hooks, Glial Reconstitution, Neural Parasite, Neosteel Frame, Unknown, Corvid Reactor, Metabolic Boost, Infernal Pre-Igniter, Chitinous Plating  
  173  88:31  Zergling x22  
  173  88:32  Overlord  
  173  88:34  Overlord, Burrow, Hive, Muscular Augments x2  
  184  88:41  Anion Pulse-Crystals  
  184  88:48  Pathogen Glands, Graviton Catapult, Gravitic Drive, Observer Gravitic Boosters, Hi-Sec Auto Tracking  
  184  89:02  Pneumatized Carapace, Concussive Shells  
  184  89:05  Extractor  
  184  89:08  Overlord x2  
  183  89:10  Extractor  
  183  89:13  Overseer  
  182  89:22  Drone  
  182  89:24  Ultralisk Cavern  
  182  89:27  Overlord  
  182  89:33  Drone x12  
  198  89:45  Unknown x4  
  12  89:48  Drone  
  13  89:53  Drone  
  14  90:07  Extractor  
  14  90:08  Overlord  
  14  90:10  Drone  
  15  90:27  Drone x2  
  17  90:37  Hatchery  
  16  90:44  Drone  
  16  90:45  Drone  
  18  90:59  Extractor  
  18  91:00  Spawning Pool  
  18  91:03  Drone  
  17  91:05  Drone  
  18  91:15  Drone  
  19  91:27  Overlord  
  19  91:35  Drone  
  19  91:39  Hatchery  
  19  91:47  Zergling x2  
  19  91:51  Queen  
  22  91:55  Zergling x2  
  23  92:01  Metabolic Boost  
  23  92:04  Drone  
  23  92:07  Drone  
  25  92:14  Overlord  
  25  92:17  Drone  
  25  92:20  Drone  
  27  92:26  Drone  
  28  92:32  Queen  
  28  92:35  Drone  
  31  92:37  Drone  
  32  92:45  Pneumatized Carapace  
  32  92:47  Drone  
  32  92:48  Drone  
  34  92:52  Drone  
  34  92:53  Drone  
  36  93:00  Queen  
  38  93:09  Drone x4  
  38  93:11  Drone  
  43  93:16  Drone x2  
  45  93:26  Evolution Chamber  
  44  93:28  Baneling Nest  
  44  93:31  Overlord  
  43  93:36  Drone x2  
  43  93:37  Drone x3  
  48  93:41  Drone  
  48  93:42  Drone  
  50  93:51  Zerg Melee Weapons Level 1  
  50  93:55  Drone x5  
  53  93:58  Overlord  
  53  94:01  Overlord  
  55  94:08  Drone  
  55  94:09  Extractor  
  55  94:10  Drone x2  
  55  94:11  Drone  
  58  94:17  Drone x4  
  58  94:18  Drone x3  
  58  94:21  Drone  
  58  94:23  Drone  
  58  94:24  Drone x3  
  70  94:37  Drone x4  
  74  94:44  Overlord x2  
  74  94:48  Extractor, Drone  
  74  94:49  Extractor  
  74  94:50  Drone  
  74  94:53  Extractor  
  74  94:54  Extractor  
  72  95:01  Lair  
  72  95:03  Drone  
  73  95:09  Drone  
  74  95:20  Overlord  
  74  95:21  Overlord x2  
  74  95:22  Zergling x24, Hatchery  
  74  95:26  Queen  
  87  95:33  Queen  
  89  95:36  Overlord x2  
  89  95:37  Overlord  
  89  95:43  Drone  
  89  95:46  Evolution Chamber  
  89  95:51  Drone  
  89  95:54  Zergling x14  
  89  95:56  Baneling x13  
  89  95:57  Centrifical Hooks, Baneling x3  
  97  96:00  Zerg Melee Weapons Level 2  
  97  96:11  Overlord  
  97  96:12  Overlord  
  97  96:16  Zerg Ground Armor Level 1  
  97  96:20  Overseer  
  97  96:22  Overlord x3  
  97  96:24  Zergling x18  
  106  96:32  Drone  
  107  96:34  Drone  
  107  96:38  Infestation Pit  
  108  96:40  Drone  
  108  96:47  Drone x12  
  108  96:48  Queen  
  108  96:49  Overlord  
  122  96:56  Overlord  
  122  97:01  Extractor  
  121  97:02  Spire, Drone  
  121  97:09  Drone x3  
  121  97:11  Drone x3  
  121  97:14  Drone  
  121  97:15  Extractor  
  127  97:16  Drone x2  
  127  97:18  Drone  
  130  97:23  Hive  
  130  97:32  Zergling x18  
  130  97:34  Overlord x2  
  139  97:47  Hatchery  
  139  97:50  Drone x2  
  140  98:12  Extractor  
  139  98:18  Extractor  
  138  98:29  Drone x2  
  138  98:30  Drone x2  
  138  98:32  Drone x2  
  144  98:44  Zergling x4  
  144  98:45  Zergling x2  
Show
View Real Time Build Order
Export as new Build Order

Yourself Zerg 

Build Orders:  

Get SALT Encoding   

  1  0:00  Probe x12 (Chrono Boost)  
  12  0:07  Unknown  
  12  11:34  Probe x12 (Chrono Boost)  
  12  11:44  Unknown  
  12  12:32  Probe x12 (Chrono Boost)  
  12  12:42  Unknown  
  12  22:23  Probe x12 (Chrono Boost)  
  12  22:33  Unknown  
  12  32:34  Probe x12 (Chrono Boost)  
  12  32:45  Unknown  
  12  68:06  Probe x12 (Chrono Boost)  
  12  68:17  Unknown  
  12  78:28  Probe x12 (Chrono Boost)  
  12  78:38  Unknown  
  12  79:38  Probe x12 (Chrono Boost)  
  12  79:48  Unknown  
  12  89:35  Probe x12 (Chrono Boost)  
  12  89:45  Unknown  
Tags
 
Add a new tag
Caveats
  • Supply blocks, unpowered buildings, or Contaminate may cause inaccurate times.
  • Supply counts are checked every 10 seconds.